 Dungeon Crawl Stone Soup version 0.30-a0-808-g6e0788376e (webtiles) character file.

Game seed: 11777289839857116375

2778802 holysushi the Acrobat (level 27, 136/137 HPs)
             Began as a Vine Stalker Monk on Feb 26, 2023.
             Was an Initiate of Gozag.
             Escaped with the Orb
             ... and 4 runes!
             The game lasted 01:53:21 (53285 turns).

holysushi the Acrobat (Vine Stalker Monk)          Turns: 53285, Time: 01:53:22

Health: 136/137    AC: 32    Str: 14    XL:     27
Magic:  61/61      EV: 50    Int:  4    God:    Gozag
Gold:   1579       SH: 23    Dex: 48    Spells: 74/74 levels left

rFire   + + .      SeeInvis .    w - +5 rapier of Wyrd {speed, rC+ MP+9 Dex+3}
rCold   + + +      Faith    .    E - +5 Storm Queen's Shield {shock, Fly rElec}
rNeg    + + +      Spirit   +    U - quicksilver dragon scales "Ifijetah" {+Blink rC+ Will+ Int-4 Dex+5}
rPois   +          Reflect  .    k - +0 helmet of Impatience {+Blink rN+ Slay+3}
rElec   +          Harm     .    u - +2 cloak {Will+}
rCorr   .          Rampage  +    N - +3 pair of gauntlets of War {Slay+5}
Will    +++++                    m - +2 pair of boots of the Jabberwock {rPois rC+ Str+2 Int-2}
Stlth   ++++                     M - amulet "Doimp" {RegenMP Rampage Drain rElec rN++}
HPRegen 1.22/turn                i - ring of Fuuri {+Blink AC+4 Int+2 Dex+5}
MPRegen 0.77/turn                z - ring of Ihaar {rPois rF++ Str-4 Dex+6 Stlth+}

@: gold aura, flying
A: fangs 3, regeneration 1, magic shield, antimagic bite, no potion heal 2,
hooves 1, dopey 1, inability to read after injury 1
0: Orb of Zot
}: 4/15 runes: serpentine, barnacled, silver, golden
a: Renounce Religion, Evoke Blink, Potion Petition, Call Merchant, Bribe Branch


You escaped.
You worshipped Gozag.
Gozag was most pleased with you.
You visited 12 branches of the dungeon, and saw 54 of its levels.
You also visited: Trove, Sewer, Ossuary, Bailey, Gauntlet and Ice Cave.

You collected 27544 gold pieces.
You spent 8950 gold pieces at shops.
You paid 17015 gold pieces to Gozag.

Inventory:

Hand Weapons
 a - the +7 captain's cutlass {speed, disarm}
   (You found it on level 5 of the Lair of Beasts)
 g - the +8 demon blade "Leech" {evervamp, Harm Drain rN+}
   (You found it on level 3 of the Crypt)

   rN:        It protects you from negative energy.
   Drain:     It drains your maximum health when unequipped.
   Harm:      It increases damage dealt and taken.
 w - the +5 rapier of Wyrd (weapon) {speed, rC+ MP+9 Dex+3}
   (You bought it in a shop on level 15 of the Dungeon)

   Dex:       It affects your dexterity (+3).
   rC:        It protects you from cold.
   MP:        It affects your magic capacity (+9).
 y - a +9 quick blade of chaos
Armour
 k - the +0 helmet of Impatience (worn) {+Blink rN+ Slay+3}
   (You bought it in a shop on level 1 of the Vaults)

   Slay:      It affects your accuracy & damage with ranged weapons and melee
   (+3).
   rN:        It protects you from negative energy.
   +Blink:    It lets you blink.
 m - the +2 pair of boots of the Jabberwock (worn) {rPois rC+ Str+2 Int-2}
   (You bought it in a shop on level 1 of the Depths)

   Str:       It affects your strength (+2).
   Int:       It affects your intelligence (-2).
   rC:        It protects you from cold.
   rPois:     It protects you from poison.
 u - a +2 cloak of willpower (worn)
 E - the +5 Storm Queen's Shield (worn) {shock, Fly rElec}
   (You bought it in a shop on level 2 of the Vaults)

   Shock:     When it blocks an attack, it may electrocute the attacker.
   This works even against foes who are a short distance away.
   rElec:     It insulates you from electricity.
   Fly:       It grants you flight.
 N - the +3 pair of gauntlets of War (worn) {Slay+5}
   (You bought it in a shop on level 2 of the Vaults)

   Slay:      It affects your accuracy & damage with ranged weapons and melee
   (+5).
 U - the quicksilver dragon scales "Ifijetah" (worn) {+Blink rC+ Will+ Int-4 Dex+5}
   (You bought it in a shop on level 1 of the Depths)

   Int:       It affects your intelligence (-4).
   Dex:       It affects your dexterity (+5).
   rC:        It protects you from cold.
   +Blink:    It lets you blink.
   Will:      It increases your willpower.
Jewellery
 i - the ring of Fuuri (left hand) {+Blink AC+4 Int+2 Dex+5}
   (You found it on level 13 of the Dungeon)

   [ring of protection]

   AC:        It affects your AC (+4).
   Int:       It affects your intelligence (+2).
   Dex:       It affects your dexterity (+5).
   +Blink:    It lets you blink.
 z - the ring of Ihaar (right hand) {rPois rF++ Str-4 Dex+6 Stlth+}
   (You bought it in a shop on level 15 of the Dungeon)

   [ring of dexterity]

   Str:       It affects your strength (-4).
   Dex:       It affects your dexterity (+6).
   rF:        It greatly protects you from fire.
   rPois:     It protects you from poison.
   Stlth:     It makes you more stealthy.
 H - a ring of willpower
 M - the amulet "Doimp" (around neck) {RegenMP Rampage Drain rElec rN++}
   (You found it on level 13 of the Dungeon)

   [amulet of magic regeneration]

   It increases your rate of magic regeneration.
   rElec:     It insulates you from electricity.
   rN:        It greatly protects you from negative energy.
   Drain:     It drains your maximum health when unequipped.
   Rampage:   It bestows one free step when moving towards enemies.
 P - the ring "Toump" {rN+ SInv}
   (You found it in a Gauntlet)

   [ring of positive energy]

   rN:        It protects you from negative energy.
   SInv:      It lets you see invisible.
 Y - the ring "Lyipnal" {Drain rC+++ MP+9 Slay+6 SInv}
   (You found it on level 2 of the Crypt)

   [ring of magical power]

   Slay:      It affects your accuracy & damage with ranged weapons and melee
   (+6).
   rC:        It renders you almost immune to cold.
   MP:        It affects your magic capacity (+9).
   SInv:      It lets you see invisible.
   Drain:     It drains your maximum health when unequipped.
Wands
 d - a wand of roots (37)
 t - a wand of flame (62)
 G - a wand of charming (35)
 K - a wand of quicksilver (35)
 R - a wand of mindburst (7)
 X - a wand of digging (11)
Scrolls
 f - 9 scrolls of enchant armour
 h - 8 scrolls of vulnerability
 n - 2 scrolls of butterflies
 o - 9 scrolls of fog
 r - 8 scrolls of teleportation
 A - 8 scrolls of blinking
 B - 10 scrolls of amnesia
 C - 7 scrolls of poison
 D - 4 scrolls of silence
 J - 11 scrolls of fear
 L - 3 scrolls of torment
 S - 10 scrolls of magic mapping
Potions
 b - 4 potions of lignification
 c - 5 potions of ambrosia
 j - 23 potions of curing
 l - 2 potions of cancellation
 p - 9 potions of attraction
 q - 28 potions of heal wounds
 s - 12 potions of haste
 v - 11 potions of brilliance
 x - 3 potions of resistance
 T - 8 potions of flight
 V - 2 potions of invisibility
 W - 4 potions of berserk rage
 Z - 5 potions of might
Miscellaneous
 e - a box of beasts
 F - a figurine of a ziggurat
 I - a phial of floods
 O - a condenser vane
 Q - a phantom mirror


   Skills:
 - Level 12.0 Fighting
 - Level 14.0(14.8) Short Blades
 - Level 8.0(12.0) Long Blades
 - Level 15.0 Armour
 - Level 25.0 Dodging
 - Level 20.4 Stealth
 - Level 10.0 Shields
 + Level 24.3 Spellcasting
 - Level 14.3 Evocations


You had 74 spell levels left.
You didn't know any spells.
Your spell library contained the following spells:

 Spells                   Type           Power      Damage    Failure   Level
 Foxfire                  Conj/Fire      16%        2x1d4     17%         1
 Freeze                   Ice            16%        1d4       17%         1
 Magic Dart               Conj           16%        1d3       17%         1
 Sandblast                Erth           8%         2d5       17%         1
 Shock                    Conj/Air       16%        1d4       17%         1
 Sting                    Tmut/Pois      16%        1d3       17%         1
 Summon Small Mammal      Summ           16%        N/A       17%         1
 Blink                    Tloc           8%         N/A       26%         2
 Call Imp                 Summ           4%         N/A       26%         2
 Cigotuvi's Dreadful Rot  Necr/Pois/Air  8%         N/A       26%         2
 Ensorcelled Hibernation  Hex/Ice        8%         N/A       26%         2
 Momentum Strike          Conj/Tloc      8%         3d8       26%         2
 Passwall                 Tmut/Erth      3%         N/A       26%         2
 Poisonous Vapours        Pois/Air       8%         N/A       26%         2
 Searing Ray              Conj           8%         2d4       26%         2
 Sublimation of Blood     Necr           4%         N/A       26%         2
 Wereblood                Tmut           4%         N/A       26%         2
 Call Canine Familiar     Summ           4%         N/A       45%         3
 Dazzling Flash           Conj/Hex       8%         N/A       45%         3
 Frozen Ramparts          Ice            8%         1d2       45%         3
 Hailstorm                Conj/Ice       4%         3d4       45%         3
 Ignite Poison            Fire/Tmut/Pois 4%         N/A       45%         3
 Kindle Blastsparks       Fire/Tloc/Air  8%         2d10      45%         3
 Mephitic Cloud           Conj/Pois/Air  4%         N/A       45%         3
 Ozocubu's Armour         Ice            4%         N/A       45%         3
 Stone Arrow              Conj/Erth      8%         3d7       45%         3
 Summon Guardian Golem    Hex/Summ       4%         N/A       45%         3
 Swiftness                Air            4%         N/A       45%         3
 Tukima's Dance           Hex            4%         N/A       45%         3
 Vhi's Electric Charge    Tloc/Air       8%         N/A       45%         3
 Airstrike                Air            2%         2d(1-17)  86%         4
 Anguish                  Hex/Necr       2%         N/A       86%         4
 Animate Armour           Summ/Erth      8%         N/A       86%         4
 Dispel Undead            Necr           4%         3d7       86%         4
 Fulminant Prism          Conj/Hex       2%         3d5       86%         4
 Ice Form                 Ice/Tmut       4%         N/A       86%         4
 Iskenderun's Mystic Bla  Conj/Tloc      4%         2d3       86%         4
 Leda's Liquefaction      Hex/Erth       2%         N/A       86%         4
 Manifold Assault         Tloc           4%         N/A       86%         4
 Passage of Golubria      Tloc           4%         N/A       86%         4
 Sticky Flame             Conj/Fire      4%         2d3       86%         4
 Summon Ice Beast         Ice/Summ       4%         N/A       86%         4
 Summon Lightning Spire   Summ/Air       4%         N/A       86%         4
 Alistair's Intoxication  Tmut/Pois      2%         N/A       99%         5
 Blade Hands              Tmut           2%         N/A       99%         5
 Borgnjor's Vile Clutch   Necr/Erth      2%         N/A       99%         5
 Fireball                 Conj/Fire      2%         3d4       99%         5
 Lee's Rapid Deconstruct  Erth           2%         3d4*      99%         5
 Lightning Bolt           Conj/Air       2%         1d13      99%         5
 Metabolic Englaciation   Hex/Ice        2%         N/A       99%         5
 Yara's Violent Unravell  Hex/Tmut       2%         3d3       99%         5
 Death Channel            Necr           2%         N/A       100%        6
 Eringya's Noxious Bog    Tmut/Pois      2%         N/A       100%        6
 Iron Shot                Conj/Erth      2%         9d2       100%        6
 Starburst                Conj/Fire      2%         6d3       100%        6
 Statue Form              Tmut/Erth      2%         N/A       100%        6
 Malign Gateway           Summ/Tloc      2%         N/A       100%        7
 Orb of Destruction       Conj           2%         9d5       100%        7
 Spellforged Servitor     Conj/Summ      2%         N/A       100%        7
 Storm Form               Tmut/Air       2%         N/A       100%        7
 Summon Hydra             Summ           2%         N/A       100%        7
 Ignition                 Fire           2%         3d3       100%        8
 Infestation              Necr           2%         N/A       100%        8
 Lehudib's Crystal Spear  Conj/Erth      2%         10d2      100%        8
 Maxwell's Capacitive Co  Air            2%         ∞         100%        8
 Summon Horrible Things   Summ           2%         N/A       100%        8
 Chain Lightning          Conj/Air       2%         3d2       100%        9
 Death's Door             Necr           2%         N/A       100%        9
 Simulacrum               Ice/Necr       Unusable   N/A       N/A         6

Dungeon Overview and Level Annotations

Branches:
Dungeon (15/15)            Temple (1/1) D:7            Lair (5/5) D:9
 Shoals (4/4) Lair:3        Snake (4/4) Lair:2        Slime (0/5) Lair:4
    Orc (2/2) D:10            Elf (3/3) Orc:2        Vaults (5/5) D:13
  Crypt (3/3) Vaults:2       Tomb (3/3) Crypt:3      Depths (4/4) D:15
    Zot (5/5) Depths:4      Sewer (visited)         Ossuary (visited)
 Bailey (visited)           IceCv (visited)         Gauntlet (visited)

Altars:
Ashenzari
Cheibriados
Dithmenos
Elyvilon
Fedhas
Gozag
Hepliaklqana
Kikubaaqudgha
Makhleb
Nemelex Xobeh
Okawaru
Qazlal
Ru
Sif Muna
Trog
Uskayaw
Vehumet
Wu Jian
Xom
Yredelemnul
Zin
The Shining One
Lugonu

Shops:
D:11 =   D:15 !!=(=   Orc:1 (   Orc:2 (:*[   Elf:3 =   Lair:5 *   Shoals:2 **
Shoals:4 :   Vaults:1 :[   Vaults:2 [   Vaults:3 *(!:   Depths:1 [   Depths:4 (

Portals:
Hell: Depths:4
Abyss: Shoals:3

Annotations:
D:4 1 runed translucent door, SpyderV's ghost, amateur BaFi
D:7 1 runed translucent door, Crazy Yiuf
D:9 2 runed translucent doors, Monkooky's ghost, novice DgDe
D:13 3 runed translucent doors
Lair:2 1 runed translucent door, Lobster4's ghost, journeyman TrGl
Shoals:3 1 runed translucent door
Orc:2 3 runed translucent doors, Likado's ghost, journeyman MfVM


Innate Abilities, Weirdness & Mutations

You have razor-sharp teeth.
Your natural rate of healing is unusually fast.
When hurt, damage is shared between your health and your magic reserves.
Your bite disrupts and absorbs the magic of your enemies.
Potions cannot restore your health.
You have large cloven feet.
You are dopey. (Int -2)
You occasionally lose the ability to read scrolls when taking damage.


Message History

The Orb Guardian attacks as you move away!
The Orb Guardian completely misses you. You block the Orb Guardian's attack.
The Orb Guardian completely misses you. You block the Orb Guardian's attack.
Aiming: Dig
Press: ? - help, Shift-Dir - straight line, f - you Please select a direction to dig.
This square is covered in magical glow.
The rock shatters into small pieces.
You block the Orb Guardian's attack.
Unknown command.
The Orb Guardian attacks as you move away!
You block the Orb Guardian's attack.
Your shield discharges, shocking the Orb Guardian!
You block the Orb Guardian's attack.
The Orb Guardian attacks as you move away!
You block the Orb Guardian's attack.
Your shield discharges, shocking the Orb Guardian!
You block the Orb Guardian's attack. You block the Orb Guardian's attack.
Your shield discharges, shocking the Orb Guardian!
You block the Orb Guardian's attack.
The Orb Guardian attacks as you move away!
The Orb Guardian hits you!
You closely miss the Orb Guardian. You bite the Orb Guardian!
You drain its power.
You feel invigorated.
The Orb Guardian is moderately wounded.
You block the Orb Guardian's attack.
Your shield discharges, shocking the Orb Guardian!
You impale the Orb Guardian!!
You bite the Orb Guardian, but do no damage.
The Orb Guardian is severely wounded.
You puncture the Orb Guardian! You bite the Orb Guardian! You drain its power.
The Orb Guardian is almost dead.
The Orb Guardian completely misses you.
You puncture the Orb Guardian!
You kill the Orb Guardian!
You now have 1579 gold pieces (gained 21).
There is a staircase leading out of the dungeon here.
You can't go down here!
You have escaped!

##
###########.######
.....(...........#
#########.######.#
.................#
#######.########'#
................@#
#####.############
.....## .>...#
.#.### .#.# .#.#
.#.# .#.#


There were no monsters in sight!

Vanquished Creatures
  6 dread liches
  4 orbs of fire (Zot:5)
  7 ancient liches
  Mara (Depths:2)
  20 royal mummies
  Boris (thrice) (Vaults:4 Crypt:2 Crypt:3)
  Sojobo (Vaults:4)
  Margery (Crypt:2)
  4 Killer Klowns (Zot:5)
  Bai Suzhen (Vaults:2)
  Saint Roka (Snake:2)
  Xtahua (Vaults:4)
  Vashnia (Snake:2)
  10 golden dragons
  Jory (Vaults:3)
  Nikola (Elf:1)
  A bone dragon (Depths:4)
  An electric golem (Zot:5)
  A Hell Sentinel (D:4)
  Jorgrun (Orc:2)
  A deep elf blademaster (Elf:3)
  9 tentacled monstrosities
  6 liches
  22 Orb Guardians
  4 titans
  A walking earthen tome (Depths:2)
  4 deep elf master archers (Elf:3)
  5 quicksilver dragons
  3 death cobs
  5 acid blobs (Zot:1)
  10 sphinxes
  Kirke (Elf:1)
  6 ancient champions
  10 tengu reavers
  7 shadow dragons
  2 draconian monks
  An azure jelly (Shoals:4)
  5 revenants
  6 nagarajas
  7 storm dragons
  5 frost giants
  Donald (Vaults:3)
  7 draconian scorchers
  6 fire giants
  2 draconian knights
  Aizul (Vaults:3)
  9 deep elf sorcerers
  18 vault wardens
  A juggernaut zombie (Crypt:1)
  2 caustic shrike zombies (Crypt:3)
  8 deep elf elementalists
  2 ghouls (Crypt:2)
  15 ironbound preservers
  2 curse skulls
  A draconian stormcaller (Zot:4)
  3 orc warlords
  An angel (Zot:5)
  18 very ugly things
  6 draconian shifters
  A reaper (D:5)
  7 stone giants
  19 vampire knights
  A spriggan defender (Depths:2)
  Nessos (D:15)
  2 draconian annihilators
  5 ironbound thunderhulks
  9 bennus (Tomb:3)
  A demonspawn black sun (Zot:5)
  6 deep elf annihilators
  9 dire elephants
  Azrael (D:14)
  7 deep elf demonologists
  4 black draconians
  16 yellow draconians
  5 white draconians
  2 lorocyprocas
  8 green draconians
  A minotaur (Gauntlet)
  7 red draconians
  7 purple draconians
  A bunyip (shapeshifter) (Vaults:5)
  Snorg (Lair:3)
  9 ettins
  A green death (Gauntlet)
  20 mummy priests
  An acid blob zombie (Crypt:1)
  7 deep elf death magi
  5 merfolk javelineers (Shoals:4)
  3 eidola
  5 deep elf high priests
  15 merfolk impalers
  2 spriggan zombies
  15 yaktaur captains
  Harold (Orc:1)
  22 jiangshi
  39 vault guards
  5 fire dragons
  2 ice dragons
  Josephine (D:14)
  2 caustic shrike simulacra (IceCv)
  2 rakshasas
  5 hydras
  Erolcha (Orc:2)
  3 great orbs of eyes
  2 salamander tyrants
  2 spriggan skeletons
  2 hell beasts
  A catoblepas (Lair:4)
  3 ironbound frosthearts
  2 merfolk avatars
  6 alligator snapping turtles
  3 merfolk aquamancers
  32 centaur warriors
  3 death knights
  6 anacondas
  2 deep troll shamans
  4 boulder beetles
  3 satyrs
  6 two-headed ogres
  31 death scarabs
  17 naga warriors
  30 dancing weapons
  5 death yaks
  4 deep troll earth magi
  3 hell hogs (Zot:2)
  4 tengu warriors
  11 vampire magi
  5 orc high priests
  4 titan zombies
  Sonja (D:10)
  5 shock serpents
  2 spriggan berserkers (Depths:4)
  8 deep elf knights
  3 skysharks (Shoals:3)
  6 hell knights (Crypt:2)
  20 naga sharpshooters
  A shock serpent (shapeshifter) (Vaults:5)
  3 soul eaters
  A titan skeleton (Tomb:1)
  A bunyip zombie (Crypt:3)
  3 salamander mystics
  An iron giant zombie (Tomb:1)
  34 skeletal warriors
  A fire crab (Lair:4)
  6 flayed ghosts
  4 iron trolls
  An anaconda zombie (Crypt:3)
  13 sea snakes
  50 deep trolls
  A ghost moth zombie (Crypt:1)
  An orb spider (shapeshifter) (Vaults:2)
  3 orange crystal statues
  6 naga ritualists
  14 deep elf archers
  A kraken simulacrum (Shoals:4)
  4 wizards
  12 lindwurms
  20 phantasmal warriors
  4 necromancers
  33 harpies
  A bog body (Crypt:2)
  12 ironbound convokers
  A shadow dragon zombie (Crypt:2)
  5 mana vipers
  21 deep elf zephyrmancers
  A lindwurm (shapeshifter) (Vaults:5)
  Pikel (D:7)
  13 orc knights
  31 ugly things
  27 deep elf pyromancers
  A golden dragon skeleton (Crypt:2)
  A wolf spider (D:13)
  5 orc sorcerers
  A shining eye (shapeshifter) (D:13)
  7 fauns
  A large abomination (D:4)
  3 oklob plants (Zot:1)
  7 cyclopes
  19 salamanders
  A moth of wrath (shapeshifter) (Depths:2)
  18 elephants
  23 manticores
  A faun (shapeshifter) (Depths:4)
  6 merfolk sirens
  14 moths of wrath
  4 naga zombies
  A toenail golem (D:4)
  14 naga magi
  4 apocalypse crabs
  A molten gargoyle (D:15)
  13 vault sentinels
  Joseph (D:10)
  4 guardian serpents
  39 black mambas
  An orange demon (Depths:4)
  5 centaur zombies
  A gargoyle (D:12)
  A torpor snail (Lair:5)
  11 cane toads
  A red draconian zombie (Crypt:3)
  3 rime drakes
  7 water nymphs
  A hellion (D:8)
  2 naga skeletons
  A cane toad (shapeshifter) (Elf:1)
  An unseen horror zombie (D:10)
  2 kobold demonologists (D:12)
  10 komodo dragons
  An unseen horror skeleton (Crypt:3)
  13 freezing wraiths
  5 anaconda simulacra (IceCv)
  2 golden dragon simulacra (IceCv)
  15 yaktaurs
  2 tengu conjurers
  A death yak skeleton (Crypt:1)
  2 harpy zombies (Crypt:3)
  A purple draconian skeleton (Crypt:1)
  7 wind drakes
  A catoblepas skeleton (Crypt:2)
  26 merfolk
  45 guardian mummies
  9 trolls
  A tarantella (shapeshifter) (D:13)
  Prince Ribbit (D:7)
  A hellwing (D:10)
  6 polar bears
  4 dream sheep (Shoals:4)
  6 blink frogs
  12 snapping turtles
  An ettin zombie (Crypt:3)
  14 slime creatures
  Sigmund (D:3)
  5 flying skulls (Tomb:1)
  8 wyverns
  A spriggan (Lair:2)
  10 ushabtiu
  13 water elementals
  23 wraiths
  A dire elephant simulacrum (IceCv)
  A vampire (D:12)
  2 basilisks (shapeshifter)
  5 basilisks
  41 yaks
  A hog (Elf:1)
  19 humans (D:13)
  5 fire elementals
  Grum (Lair:1)
  7 wargs
  A harpy simulacrum (IceCv)
  57 nagas
  A steam dragon (D:8)
  Menkaure (D:7)
  A swamp worm (shapeshifter) (Depths:2)
  An acid dragon (D:9)
  A hydra simulacrum (IceCv)
  A deep troll skeleton (Crypt:2)
  A hell hound (D:14)
  14 water moccasins
  31 orc warriors
  A cane toad zombie (Crypt:2)
  An ice beast (D:6)
  A black bear (shapeshifter) (Vaults:5)
  A sky beast (D:7)
  2 ettin simulacra (IceCv)
  3 wolves (Lair:1)
  6 ogres
  3 alligator simulacra (IceCv)
  A swamp dragon skeleton (Crypt:2)
  A torpor snail zombie (Crypt:3)
  4 centaurs
  4 kobold brigands
  3 lemures (D:7)
  A yaktaur zombie (Crypt:1)
  A phantom (D:6)
  7 bullfrogs
  7 earth elementals
  10 necrophages
  2 gnoll sergeants
  3 scorpions
  A salamander skeleton (Crypt:3)
  A wyvern skeleton (Crypt:3)
  2 wights (D:10)
  6 killer bees (D:10)
  9 howler monkeys
  An electric eel (D:10)
  A wolf zombie (Crypt:3)
  A crimson imp (D:6)
  A lava snake (D:15)
  A gnoll bouda (D:5)
  23 jellies
  A black bear skeleton (Crypt:3)
  3 human zombies
  36 orc priests
  5 hounds
  2 human skeletons (Crypt:1)
  A scorpion zombie (Crypt:2)
  Ijyb (D:3)
  7 iguanas
  5 hell rats (Lair:1)
  24 orc wizards
  An acid dragon skeleton (Crypt:3)
  50 mummies
  A howler monkey zombie (D:10)
  Robin (D:2)
  24 gnolls
  A howler monkey skeleton (Crypt:1)
  9 adders
  3 river rats
  A shadow imp (D:5)
  2 white imps
  2 ufetubi
  A lava snake zombie (Crypt:2)
  5 worms
  4 dart slugs
  89 orcs
  11 ball pythons
  3 bats (D:1)
  13 endoplasms
  8 giant cockroaches
  23 goblins
  20 hobgoblins
  8 jackals
  15 kobolds
  9 quokkas
  4 frilled lizards
  7 gnoll skeletons (Ossuary)
  A jackal skeleton (Crypt:1)
  6 kobold skeletons (Ossuary)
  12 orc skeletons (Ossuary)
  8 rats
  A tentacle (Shoals:4)
2347 creatures vanquished.

Vanquished Creatures (collateral kills)
  8 royal mummies (Tomb:1)
  A golden dragon (Zot:5)
  An electric golem (Zot:5)
  An Orb Guardian (Zot:5)
  2 death cobs (Zot:5)
  A shadow dragon (Zot:5)
  A draconian knight (Zot:5)
  A draconian scorcher (Zot:5)
  A draconian annihilator (Zot:5)
  2 green draconians (Zot:5)
  2 yellow draconians (Zot:5)
  A red draconian (Zot:5)
  A bennu (Tomb:3)
  2 white draconians (Zot:5)
  A black draconian (Zot:5)
  6 death scarabs (Tomb:2)
  2 skeletal warriors
  A bunyip zombie (Tomb:2)
  10 guardian mummies
  A harpy skeleton (Tomb:1)
  6 ushabtiu
  8 mummies
  2 orcs (Bailey)
  A goblin (Bailey)
  2 hobgoblins (Bailey)
65 creatures vanquished.

Vanquished Creatures (others)
  A pandemonium lord (Depths:4)
  2 ancient liches (Zot:5)
  4 royal mummies
  4 Orb Guardians (Zot:5)
  2 draconian scorchers (Zot:5)
  A draconian knight (Zot:5)
  A demonspawn blood saint (Zot:5)
  A green draconian (Zot:5)
  2 red draconians (Zot:5)
  4 white draconians (Zot:5)
  A purple draconian (Zot:5)
  2 black draconians
  A yellow draconian (Zot:5)
  A green death (Depths:4)
  A blizzard demon (Zot:5)
  2 mummy priests (Tomb:2)
  A naga sharpshooter (Snake:2)
  A skeletal warrior (Tomb:1)
  A moth of wrath (Zot:5)
  A black mamba (Snake:2)
  4 guardian mummies
  An ice devil (Depths:4)
  An ushabti (Tomb:3)
  4 humans (Elf:1)
  A naga skeleton (Tomb:2)
  3 orc warriors (Bailey)
  7 mummies (Tomb:2)
  33 fungi
  85 plants
  2 tentacles (Shoals:4)
  5 toadstools (D:3)
  A withered plant (Gauntlet)
181 creatures vanquished.

Grand Total: 2593 creatures vanquished

Notes
Turn   | Place    | Note
-------+----------+-------------------------------------------
     0 | D:1      | holysushi the Vine Stalker Monk began the quest for the
                  | Orb.
     0 | D:1      | Reached XP level 1. HP: 11/11 MP: 2/2
    65 | D:1      | Reached XP level 2. HP: 7/16 MP: 0/3
   628 | D:1      | Reached XP level 3. HP: 19/19 MP: 4/4
  1282 | D:2      | Noticed Robin
  1286 | D:2      | Gained mutation: Your natural rate of healing is unusually
                  | fast. [Vine Stalker growth]
  1286 | D:2      | Reached XP level 4. HP: 23/23 MP: 5/5
  1348 | D:2      | Killed Robin
  1621 | D:2      | Found a faded altar of an unknown god.
  1921 | D:2      | Reached skill level 5 in Short Blades
  2020 | D:3      | Noticed Sigmund
  2033 | D:3      | Killed Sigmund
  2034 | D:3      | Reached XP level 5. HP: 14/27 MP: 6/6
  2034 | D:3      | Reached XP level 6. HP: 16/32 MP: 7/7
  2644 | D:3      | Noticed Ijyb
  2648 | D:3      | Killed Ijyb
  2920 | D:4      | Identified a scroll of acquirement
  2920 | D:4      | Acquired a +2 quick blade of venom
  3166 | D:4      | Found a glowing drain.
  3170 | Sewer    | Entered a sewer
  3210 | Sewer    | Reached XP level 7. HP: 15/35 MP: 4/8
  3691 | D:4      | Found a runed translucent door.
  3694 | D:4      | Noticed SpyderV's ghost (amateur BaFi)
  3754 | D:4      | Found a sacrificial altar of Ru.
  4343 | D:5      | Entered Level 5 of the Dungeon
  4452 | D:5      | Reached skill level 1 in Spellcasting
  4476 | D:5      | Gained mutation: You have razor-sharp teeth. [Vine Stalker
                  | growth]
  4476 | D:5      | Reached XP level 8. HP: 39/39 MP: 9/11
  4503 | D:5      | Found a glowing golden altar of the Shining One.
  4544 | D:5      | Reached skill level 3 in Dodging
  4923 | D:5      | Reached skill level 5 in Stealth
  5291 | D:6      | Reached skill level 4 in Dodging
  5346 | D:6      | Found a sand-covered staircase.
  5354 | Ossuary  | Entered an ossuary
  5354 | Ossuary  | Noticed a wraith
  5354 | Ossuary  | Noticed a wraith
  5354 | Ossuary  | Noticed a wraith
  5516 | Ossuary  | Noticed a wraith
  5544 | Ossuary  | Killed a wraith
  5545 | Ossuary  | Reached XP level 9. HP: 37/43 MP: 15/15
  5718 | D:6      | Found a shimmering altar of Xom.
  5724 | D:6      | Found a burning altar of Makhleb.
  5751 | D:6      | Reached skill level 5 in Dodging
  6040 | D:6      | Found a shimmering blue altar of Sif Muna.
  6213 | D:6      | Found a broken altar of Ashenzari.
  6373 | D:6      | Reached skill level 6 in Dodging
  6513 | D:7      | Found a white marble altar of Elyvilon.
  6518 | D:7      | Found a glowing silver altar of Zin.
  6553 | D:7      | Noticed Menkaure
  6557 | D:7      | Found a flagged portal.
  6562 | D:7      | Killed Menkaure
  6624 | D:7      | Noticed Pikel
  6663 | D:7      | Killed Pikel
  6664 | D:7      | Reached XP level 10. HP: 35/49 MP: 18/18
  6692 | D:7      | Noticed Prince Ribbit
  6703 | D:7      | Killed Prince Ribbit
  6704 | D:7      | Reached skill level 5 in Spellcasting
  6727 | D:7      | Found a staircase to the Ecumenical Temple.
  6741 | Temple   | Entered the Ecumenical Temple
  6889 | Bailey   | Entered a bailey
  6989 | Bailey   | Noticed an orc knight
  7046 | Bailey   | Killed an orc knight
  7047 | Bailey   | Reached skill level 7 in Dodging
  7205 | Bailey   | Noticed an orc warlord
  7254 | Bailey   | Gained mutation: You have large cloven feet. [potion of
                  | mutation]
  7256 | Bailey   | Killed an orc warlord
  7257 | Bailey   | Reached skill level 5 in Fighting
  7257 | Bailey   | Reached skill level 1 in Evocations
  7314 | Bailey   | Reached skill level 10 in Dodging
  7314 | Bailey   | Reached XP level 11. HP: 55/55 MP: 20/20
  7447 | D:7      | Found a runed translucent door.
  7448 | D:7      | Noticed Crazy Yiuf
  7943 | D:8      | Found an opulent altar of Gozag.
  7947 | D:8      | Found an opulent altar of Gozag.
  7947 | D:8      | Found an opulent altar of Gozag.
  8006 | D:8      | Found an opulent altar of Gozag.
  8009 | D:8      | Became a worshipper of Gozag Ym Sagoz the Greedy
  8130 | D:8      | Found a shadowy altar of Dithmenos.
  8556 | D:9      | Found a large runed translucent door.
  8572 | D:9      | Found an iron altar of Okawaru.
  8679 | D:9      | Found an ornate altar of the Wu Jian Council.
  8727 | D:9      | Reached skill level 11 in Dodging
  8762 | D:9      | Reached skill level 10 in Stealth
  8783 | D:9      | Found a staircase to the Lair.
  8797 | D:9      | Noticed a two-headed ogre
  8828 | D:9      | Killed a two-headed ogre
  8829 | D:9      | Reached XP level 12. HP: 60/60 MP: 22/22
  8872 | D:9      | Found a hazy altar of Hepliaklqana.
  8913 | D:9      | Found a large runed translucent door.
  8916 | D:9      | Noticed Monkooky's ghost (novice DgDe)
  9133 | D:10     | Entered Level 10 of the Dungeon
  9165 | D:10     | Noticed Sonja
  9179 | D:10     | Killed Sonja
  9228 | D:10     | Noticed a two-headed ogre
  9251 | D:10     | Killed a two-headed ogre
  9316 | D:10     | Reached skill level 12 in Dodging
  9326 | D:10     | Found a staircase to the Orcish Mines.
  9538 | D:10     | Noticed Joseph
  9553 | D:10     | Killed Joseph
  9775 | D:10     | Found a blossoming altar of Fedhas.
 10230 | D:10     | Found an ancient bone altar of Kikubaaqudgha.
 10866 | D:11     | Noticed a two-headed ogre
 10873 | D:11     | Killed a two-headed ogre
 11366 | D:11     | Bought an amulet of regeneration for 360 gold pieces
 11488 | Lair:1   | Entered Level 1 of the Lair of Beasts
 11489 | Lair:1   | Identified the +2 chain mail of Bobluypao {Dex+4}
 11572 | Lair:1   | Noticed Grum
 11637 | Lair:1   | Reached XP level 13. HP: 42/63 MP: 17/27
 11650 | Lair:1   | Killed Grum
 11684 | Lair:1   | Reached skill level 13 in Dodging
 12374 | Lair:2   | Found a runed translucent door.
 12374 | Lair:2   | Found a shimmering altar of Xom.
 12374 | Lair:2   | Identified the +8 morningstar of Might {chaos, Str+3 Dex+5}
 12374 | Lair:2   | Noticed Lobster4's ghost (journeyman TrGl)
 12754 | Lair:2   | Found a staircase to the Snake Pit.
 12963 | Lair:2   | Noticed a dire elephant
 13061 | Lair:2   | Reached skill level 10 in Spellcasting
 13068 | Lair:2   | Reached skill level 1 in Shields
 13068 | Lair:2   | Killed a dire elephant
 13346 | Lair:3   | Noticed Snorg
 13365 | Lair:3   | Killed Snorg
 13529 | Lair:3   | Identified the +3 broad axe of the Dark Horse {drain,
                  | *Corrode rPois Str+8 Int-3}
 14241 | Lair:3   | Found a staircase to the Shoals.
 14483 | Lair:4   | Found a staircase to the Slime Pits.
 14484 | Lair:4   | You fall into a shaft and drop 1 floor!
 14484 | Lair:5   | Entered Level 5 of the Lair of Beasts
 14495 | Lair:5   | Reached XP level 14. HP: 67/68 MP: 27/29
 14581 | Lair:4   | Found a gate leading to a gauntlet.
 14590 | Gauntlet | Entered a Gauntlet
 14590 | Gauntlet | Found a large runed translucent door.
 14590 | Gauntlet | Found a large runed translucent door.
 14590 | Gauntlet | Found a large runed translucent door.
 14590 | Gauntlet | Found a large runed translucent door.
 14590 | Gauntlet | Found a large runed translucent door.
 14590 | Gauntlet | Found a large runed translucent door.
 14590 | Gauntlet | Found a runed translucent door.
 14590 | Gauntlet | Found a transporter.
 14590 | Gauntlet | Found a runed translucent door.
 14590 | Gauntlet | Found a large runed translucent door.
 14590 | Gauntlet | Found a large runed translucent door.
 14590 | Gauntlet | Found a large runed translucent door.
 14590 | Gauntlet | Found a large runed translucent door.
 14590 | Gauntlet | Found a large runed translucent door.
 14590 | Gauntlet | Found a large runed translucent door.
 14592 | Gauntlet | Found a runed translucent door.
 14593 | Gauntlet | Found a transporter.
 14607 | Gauntlet | Found a runed translucent door.
 14609 | Gauntlet | Found a transporter.
 14613 | Gauntlet | Found a transporter.
 14631 | Gauntlet | Found a transporter.
 14643 | Gauntlet | Found a transporter.
 14656 | Gauntlet | Found a transporter.
 14676 | Gauntlet | Found a transporter.
 14688 | Gauntlet | Found a transporter.
 14704 | Gauntlet | Found a large runed translucent door.
 14705 | Gauntlet | Found a large runed translucent door.
 14710 | Gauntlet | Found a runed translucent gate.
 14710 | Gauntlet | Found a runed translucent gate.
 14710 | Gauntlet | Found a runed translucent gate.
 14711 | Gauntlet | Found a transporter.
 14712 | Gauntlet | Found a transporter.
 14716 | Gauntlet | Found a transporter.
 14751 | Gauntlet | Found a large runed translucent door.
 14751 | Gauntlet | Found a large runed translucent door.
 14793 | Gauntlet | Identified the +2 helmet "Diutaj" {rC- Str+4 Slay+5}
 14833 | Gauntlet | Identified the +0 hat of the Grue {rPois}
 14838 | Gauntlet | Identified the ring "Toump" {rN+ SInv}
 14866 | Gauntlet | Identified the +6 short sword "Worm" {flame, *Noise rN+++
                  | Str+2 SInv}
 14969 | Gauntlet | Identified the +1 cloak of Ennui {Int+3}
 15044 | Lair:4   | Reached skill level 14 in Dodging
 15600 | Lair:4   | Reached skill level 5 in Shields
 15921 | Lair:5   | Bought a potion of invisibility for 104 gold pieces
 15991 | Lair:5   | Found the +7 captain's cutlass {speed, disarm}
 16620 | Lair:5   | Reached skill level 15 in Stealth
 16690 | Lair:5   | Reached skill level 1 in Armour
 18270 | D:13     | Reached XP level 15. HP: 74/74 MP: 30/30
 18361 | D:13     | Reached skill level 15 in Dodging
 18369 | D:13     | Identified the ring "Pil Taf" {rPois rF- rCorr EV+5}
 18734 | D:13     | Found a runed translucent door.
 18738 | D:13     | Found a runed translucent door.
 18807 | D:13     | Identified the amulet "Doimp" {RegenMP Rampage Drain rElec
                  | rN++}
 18833 | D:13     | Identified the ring of Fuuri {+Blink AC+4 Int+2 Dex+5}
 18840 | D:13     | Identified the amulet "Hieprorea" {Spirit Drain rC+ Str+2}
 18883 | D:13     | Found a runed translucent door.
 19138 | D:13     | Found a gate to the Vaults.
 19318 | D:14     | Identified the +2 leather armour of Dogma {rC++ Regen+
                  | Stlth-}
 19520 | D:14     | Noticed Josephine
 19565 | D:14     | Killed Josephine
 19600 | D:14     | Noticed Azrael
 19613 | D:14     | Killed Azrael
 19945 | D:15     | Entered Level 15 of the Dungeon
 19951 | D:15     | Found a radiant altar of Vehumet.
 19991 | D:15     | Noticed Nessos
 19999 | D:15     | Killed Nessos
 20018 | D:15     | Found Dogol's Jewellery Shoppe.
 20022 | D:15     | Found Xiduhiri's Distillery.
 20031 | D:15     | Bought 2 potions of haste for 220 gold pieces
 20031 | D:15     | Bought a potion of might for 44 gold pieces
 20044 | D:15     | Bought the ring of Ihaar {rPois rF++ Str-4 Dex+6 Stlth+}
                  | for 945 gold pieces
 20085 | D:15     | Found Baxopuino's Antique Weapon Boutique.
 20274 | D:15     | Found Koitalicey's Distillery.
 20280 | D:15     | Bought a potion of flight for 45 gold pieces
 20367 | D:15     | Found Loybboug's Jewellery Shoppe.
 20431 | D:15     | Bought a translucent rapier for 333 gold pieces
 20431 | D:15     | Identified the +5 rapier of Wyrd {speed, rC+ MP+9 Dex+3}
                  | (You bought it in a shop on level 15 of the Dungeon)
 20568 | D:15     | Found a staircase to the Depths.
 20817 | Depths:1 | Entered Level 1 of the Depths
 20820 | Depths:1 | Bought a pair of slimy boots for 342 gold pieces
 20820 | Depths:1 | Identified the +2 pair of boots of the Jabberwock {rPois
                  | rC+ Str+2 Int-2} (You bought it in a shop on level 1 of the
                  | Depths)
 20820 | Depths:1 | Bought a pair of runed gloves for 270 gold pieces
 21026 | Snake:1  | Entered Level 1 of the Snake Pit
 21081 | Snake:1  | Reached skill level 5 in Evocations
 21097 | Snake:1  | Reached skill level 10 in Short Blades
 21112 | Snake:1  | Reached XP level 16. HP: 66/81 MP: 31/31
 22054 | Snake:2  | Noticed Vashnia
 22160 | Snake:2  | Killed Vashnia
 22598 | Snake:2  | Noticed Saint Roka
 22658 | Snake:2  | Killed Saint Roka
 22659 | Snake:2  | Reached skill level 16 in Dodging
 22792 | Snake:2  | Reached skill level 5 in Armour
 23212 | Snake:3  | Noticed a nagaraja
 23218 | Snake:3  | Killed a nagaraja
 23245 | Snake:3  | Reached XP level 17. HP: 85/85 MP: 32/32
 23676 | Snake:4  | Entered Level 4 of the Snake Pit
 24132 | Depths:1 | Bought spiked quicksilver dragon scales for 2340 gold
                  | pieces
 24132 | Depths:1 | Identified the quicksilver dragon scales "Ifijetah" {+Blink
                  | rC+ Will+ Int-4 Dex+5} (You bought it in a shop on level 1
                  | of the Depths)
 25693 | Snake:4  | Got a serpentine rune of Zot
 25962 | Shoals:1 | Entered Level 1 of the Shoals
 26355 | Shoals:1 | Reached skill level 17 in Dodging
 26468 | Shoals:1 | Identified the +1 plate armour of Peek-a-Boo {rElec Str+3}
 26600 | Shoals:1 | Reached XP level 18. HP: 78/90 MP: 33/33
 26872 | Shoals:2 | Found Irue's Specific Store.
 26875 | Shoals:2 | Found Agric's General Store.
 26881 | Shoals:2 | Bought a scroll of brand weapon for 152 gold pieces
 27760 | Shoals:3 | Found a runed translucent door.
 27786 | Shoals:3 | Found a corrupted altar of Lugonu.
 27786 | Shoals:3 | Found a one-way gate to the infinite horrors of the Abyss.
 27786 | Shoals:3 | Found the +8 orange crystal plate armour {Archmagi, Int+3
                  | Clar}
 28188 | Shoals:4 | Entered Level 4 of the Shoals
 28190 | Shoals:4 | Found a frozen archway.
 28235 | IceCv    | Entered an ice cave
 28433 | IceCv    | Got the Codex of Degeneration and Beckoning
 28685 | Shoals:4 | Reached skill level 10 in Armour
 28732 | Shoals:4 | Reached skill level 18 in Dodging
 28781 | Shoals:4 | Got a barnacled rune of Zot
 29381 | Shoals:4 | Reached XP level 19. HP: 93/93 MP: 34/34
 29681 | Shoals:4 | Reached skill level 19 in Dodging
 29810 | Shoals:4 | Found Aromuj's Vocational Training.
 29849 | Shoals:4 | Bought a manual of Evocations for 1280 gold pieces
 30125 | Orc:1    | Entered Level 1 of the Orcish Mines
 30157 | Orc:1    | Noticed Harold
 30172 | Orc:1    | Killed Harold
 30203 | Orc:1    | Found Xoku's Firing Range.
 30538 | Orc:2    | Entered Level 2 of the Orcish Mines
 30538 | Orc:2    | Noticed Erolcha
 30541 | Orc:2    | Killed Erolcha
 30705 | Orc:2    | Noticed Jorgrun
 30731 | Orc:2    | Killed Jorgrun
 30919 | Orc:2    | Found a staircase to the Elven Halls.
 31047 | Orc:2    | Found Buel's Antique Armour Shop.
 31047 | Orc:2    | Found Pinomn's Antique Weapon Emporium.
 31057 | Orc:2    | Found Kuuhiug's Book Emporium.
 31057 | Orc:2    | Found Humoh's General Store.
 31077 | Orc:2    | Bought a scroll of teleportation for 45 gold pieces
 31123 | Orc:2    | Found a runed translucent gate.
 31144 | Orc:2    | Found a runed translucent gate.
 31146 | Orc:2    | Found a runed translucent gate.
 31147 | Orc:2    | Noticed Likado's ghost (journeyman MfVM)
 31483 | Elf:1    | Entered Level 1 of the Elven Halls
 31500 | Elf:1    | Found a radiant altar of Vehumet.
 31798 | Elf:1    | Noticed Nikola
 31818 | Elf:1    | Killed Nikola
 32092 | Elf:1    | Got the Teachings on Bruises
 32268 | Elf:1    | Noticed Kirke
 32285 | Elf:1    | Killed Kirke
 32497 | Elf:1    | Identified the +4 scale mail of Sin {rCorr Str-4 Int+3}
 32798 | Elf:2    | Reached skill level 10 in Evocations
 32799 | Elf:2    | Reached XP level 20. HP: 98/98 MP: 36/36
 33020 | Elf:2    | Found a runed translucent gate.
 33024 | Elf:2    | Found a runed translucent gate.
 33032 | Elf:2    | Found a runed translucent gate.
 33152 | Elf:2    | Reached skill level 20 in Dodging
 33693 | Elf:3    | Entered Level 3 of the Elven Halls
 33693 | Elf:3    | Found Duakliog's Jewellery Shop.
 34295 | Elf:3    | Found the +8 autumn katana {manifold assault}
 34335 | Elf:3    | Got the Folio of the Earthen Hornet
 34528 | Elf:3    | Identified the +2 glaive "Ynetu" {flame, rPois Int+3}
 34533 | Elf:3    | Identified the +0 scale mail "Nynaigown" {Fly Dex+3}
 34541 | Elf:3    | Identified the +4 ring mail of the Maze {rElec rN+++ Int-4
                  | SInv}
 34555 | Elf:3    | Identified the +4 spear of the Tundras {flame, rC+ Int+2
                  | Dex-5 Stlth+}
 34560 | Elf:3    | Got the Almanac of the Zephyr
 34564 | Elf:3    | Got the Atlas of Transposition and Injury
 35432 | Vaults:1 | Entered Level 1 of the Vaults
 35435 | Vaults:1 | Bought a shimmering helmet for 228 gold pieces
 35435 | Vaults:1 | Identified the +0 helmet of Impatience {+Blink rN+ Slay+3}
                  | (You bought it in a shop on level 1 of the Vaults)
 35435 | Vaults:1 | Bought a heavy robe for 136 gold pieces
 35435 | Vaults:1 | Identified the +0 robe "Memnasod" {Dex-3 Stlth+ Archmagi}
                  | (You bought it in a shop on level 1 of the Vaults)
 35435 | Vaults:1 | Bought a thick robe for 136 gold pieces
 35435 | Vaults:1 | Identified the +2 robe of the Abyss {Contam rPois rCorr
                  | SInv} (You bought it in a shop on level 1 of the Vaults)
 35477 | Vaults:1 | Reached skill level 10 in Fighting
 35489 | Vaults:1 | Reached skill level 1 in Long Blades
 35722 | Vaults:1 | Reached XP level 21. HP: 107/107 MP: 40/40
 35744 | Vaults:1 | Found Kasem Fefici's Book Shop.
 36339 | Vaults:1 | Reached skill level 5 in Long Blades
 36760 | Vaults:2 | Noticed Bai Suzhen
 36767 | Vaults:2 | Killed Bai Suzhen
 37105 | Vaults:2 | Found a portal to a secret trove of treasure.
 37818 | Vaults:2 | Found a staircase to the Crypt.
 38213 | Vaults:2 | Bought the +5 Storm Queen's Shield {shock, Fly rElec} for
                  | 775 gold pieces
 38213 | Vaults:2 | Found the +5 Storm Queen's Shield {shock, Fly rElec}
 38221 | Vaults:2 | Bought the +3 pair of gauntlets of War {Slay+5} for 807
                  | gold pieces
 38221 | Vaults:2 | Found the +3 pair of gauntlets of War {Slay+5}
 38290 | Vaults:3 | Noticed Jory
 38290 | Vaults:3 | Noticed Aizul
 38290 | Vaults:3 | Found Esulujol's Antique Weapon Shoppe.
 38290 | Vaults:3 | Found Oletuah's Distillery.
 38290 | Vaults:3 | Found Vezxa's General Store.
 38290 | Vaults:3 | Found Tymet's Book Boutique.
 38292 | Vaults:3 | Reached XP level 22. HP: 115/115 MP: 41/41
 38295 | Vaults:3 | Noticed Donald
 38318 | Vaults:3 | Killed Aizul
 38324 | Vaults:3 | Killed Donald
 38329 | Vaults:3 | Killed Jory
 38390 | Vaults:3 | Bought a potion of invisibility for 168 gold pieces
 38402 | Vaults:3 | Bought 2 potions of haste for 220 gold pieces
 38967 | Vaults:4 | Noticed Xtahua
 38980 | Vaults:4 | Killed Xtahua
 38996 | Vaults:4 | Noticed Sojobo
 39013 | Vaults:4 | Killed Sojobo
 39257 | Vaults:4 | Noticed Boris
 39290 | Vaults:4 | Killed Boris
 39726 | Vaults:5 | Entered Level 5 of the Vaults
 39744 | Vaults:5 | Noticed a golden dragon
 39786 | Vaults:5 | Killed a golden dragon
 39855 | Vaults:5 | Noticed an ancient lich
 39860 | Vaults:5 | Noticed an ancient lich
 39864 | Vaults:5 | Reached skill level 10 in Shields
 39867 | Vaults:5 | Noticed a golden dragon
 40025 | Vaults:5 | Reached XP level 23. HP: 119/119 MP: 42/42
 40088 | Vaults:5 | Identified the +1 leather armour of Philately {Harm
                  | *Corrode Fly rC+++}
 40172 | Vaults:5 | Killed an ancient lich
 40173 | Vaults:5 | Reached skill level 21 in Dodging
 40192 | Vaults:5 | Noticed a dread lich
 40192 | Vaults:5 | Noticed a golden dragon
 40192 | Vaults:5 | Identified the +9 shortbow "Vefy" {heavy, rC++ Int+2}
 40192 | Vaults:5 | Identified the +3 flail of Checks and Balances {heavy,
                  | Int+5 Dex+5}
 40219 | Vaults:5 | Killed a dread lich
 40247 | Vaults:5 | Identified the +9 falchion of Drought {heavy, Will+}
 40248 | Vaults:5 | Killed an ancient lich
 40260 | Vaults:5 | Killed a golden dragon
 40289 | Vaults:5 | Killed a golden dragon
 40495 | Vaults:5 | Identified the ring of Egalitarianism {Fly Will++ AC+4
                  | Str-3}
 40674 | Vaults:5 | Identified the +7 morningstar of the Lesser Evil {freeze,
                  | +Blink rF- rN+ Int+7}
 40997 | Vaults:5 | Got a silver rune of Zot
 42114 | Crypt:1  | Entered Level 1 of the Crypt
 42940 | Crypt:2  | Noticed Margery
 42967 | Crypt:2  | Killed Margery
 42990 | Crypt:2  | Reached skill level 22 in Dodging
 43283 | Vaults:2 | You paid a toll of +2 storm dragon scales to enter a
                  | treasure trove
 43284 | Trove    | Entered a treasure trove
 43491 | Crypt:2  | Noticed Boris
 43503 | Crypt:2  | Killed Boris
 43596 | Crypt:2  | Reached XP level 24. HP: 124/124 MP: 42/42
 43896 | Crypt:2  | Identified the ring "Lyipnal" {Drain rC+++ MP+9 Slay+6
                  | SInv}
 44258 | Crypt:3  | Entered Level 3 of the Crypt
 44258 | Crypt:3  | Noticed Boris
 44270 | Crypt:3  | Killed Boris
 44392 | Crypt:3  | Noticed an ancient lich
 44436 | Crypt:3  | Killed an ancient lich
 45069 | Crypt:3  | Found an ancient bone altar of Kikubaaqudgha.
 45332 | Crypt:3  | Identified the ring "Seocooch" {rElec rN+ Will+++ rCorr
                  | Stlth-}
 45332 | Crypt:3  | Identified the ring of Nirauqup {rN+ Will+ Dex+2}
 45332 | Crypt:3  | Identified the ring of Noudear {Fly rPois rC+ rN+}
 45334 | Crypt:3  | Identified the +2 spear "Zihuem" {flame, Will+}
 45542 | Crypt:3  | Found the +8 demon blade "Leech" {evervamp, Harm Drain rN+}
 45597 | Crypt:3  | Got the Handbook of Evil and Erosion
 45863 | Crypt:3  | Found a staircase to the Tomb.
 46080 | Tomb:1   | Entered Level 1 of the Tomb of the Ancients
 46174 | Tomb:1   | Reached skill level 23 in Dodging
 46901 | Tomb:1   | Acquired 1128 gold pieces
 46992 | Tomb:2   | Noticed a royal mummy
 46992 | Tomb:2   | Noticed a royal mummy
 46997 | Tomb:2   | Noticed a royal mummy
 46997 | Tomb:2   | Noticed a royal mummy
 46999 | Tomb:2   | Reached XP level 25. HP: 75/128 MP: 31/42
 47015 | Tomb:2   | Killed a royal mummy
 47070 | Tomb:2   | Identified the +1 ring mail of the Skies Above {Stlth+}
 47338 | Tomb:1   | Noticed a royal mummy
 47338 | Tomb:1   | Noticed a royal mummy
 47339 | Tomb:1   | Noticed a royal mummy
 47350 | Tomb:1   | Noticed a royal mummy
 47353 | Tomb:1   | Killed a royal mummy
 47359 | Tomb:1   | Killed a royal mummy
 47364 | Tomb:1   | Killed a royal mummy
 47369 | Tomb:1   | Noticed a royal mummy
 47387 | Tomb:1   | Noticed a royal mummy
 47400 | Tomb:1   | Noticed a royal mummy
 47407 | Tomb:1   | Killed a royal mummy
 47447 | Tomb:1   | Noticed a royal mummy
 47448 | Tomb:1   | Noticed a royal mummy
 47450 | Tomb:1   | Noticed a royal mummy
 47450 | Tomb:1   | Noticed a royal mummy
 47451 | Tomb:1   | Killed a royal mummy
 47452 | Tomb:1   | Noticed a royal mummy
 47452 | Tomb:1   | Killed a royal mummy
 47453 | Tomb:1   | Noticed a royal mummy
 47458 | Tomb:1   | Noticed a royal mummy
 47468 | Tomb:1   | Killed a royal mummy
 47476 | Tomb:1   | Killed a royal mummy
 47485 | Tomb:1   | Killed a royal mummy
 47486 | Tomb:1   | Reached skill level 15 in Spellcasting
 47487 | Tomb:1   | Killed a royal mummy
 47497 | Tomb:1   | Killed a royal mummy
 47498 | Tomb:1   | Noticed a royal mummy
 47498 | Tomb:1   | Noticed a royal mummy
 47502 | Tomb:1   | Noticed a royal mummy
 47502 | Tomb:1   | Noticed a royal mummy
 47503 | Tomb:1   | Noticed a royal mummy
 47512 | Tomb:1   | Killed a royal mummy
 47515 | Tomb:1   | Killed a royal mummy
 47518 | Tomb:1   | Killed a royal mummy
 47519 | Tomb:1   | Killed a royal mummy
 47522 | Tomb:1   | Noticed a royal mummy
 47527 | Tomb:1   | Killed a royal mummy
 47542 | Tomb:1   | Killed a royal mummy
 47908 | Tomb:2   | Killed a royal mummy
 48123 | Tomb:3   | Entered Level 3 of the Tomb of the Ancients
 48163 | Tomb:3   | Noticed a royal mummy
 48164 | Tomb:3   | Noticed a royal mummy
 48169 | Tomb:3   | Noticed a royal mummy
 48171 | Tomb:3   | Noticed a royal mummy
 48178 | Tomb:3   | Noticed a royal mummy
 48178 | Tomb:3   | Noticed a royal mummy
 48178 | Tomb:3   | Noticed a royal mummy
 48182 | Tomb:3   | Noticed a royal mummy
 48191 | Tomb:3   | Killed a royal mummy
 48192 | Tomb:3   | Noticed a royal mummy
 48288 | Tomb:3   | Killed a royal mummy
 48347 | Tomb:3   | Killed a royal mummy
 48364 | Tomb:3   | Reached XP level 26. HP: 16/133 MP: 44/44
 48389 | Tomb:3   | Killed a royal mummy
 48405 | Tomb:3   | Reached skill level 24 in Dodging
 48426 | Tomb:3   | Killed a royal mummy
 48468 | Tomb:3   | Killed a royal mummy
 48482 | Tomb:3   | Killed a royal mummy
 48523 | Tomb:3   | Killed a royal mummy
 48542 | Tomb:3   | Got a golden rune of Zot
 48746 | Tomb:3   | Killed a royal mummy
 49067 | Tomb:3   | Identified the +7 ring mail "Hunaer" {rElec Will++ Slay+2
                  | Stlth-}
 49069 | Tomb:3   | Got the Discourse on Weathered Darkness
 49085 | Tomb:3   | Identified the +6 broad axe "Vaeddihe" {freeze, rF++ Int-4
                  | Dex+4}
 49105 | Tomb:3   | Identified the +3 morningstar of Wabaihio {flame, Fragile
                  | rPois rCorr Dex+5}
 49583 | Depths:2 | Reached skill level 15 in Armour
 49600 | Depths:2 | Noticed Mara
 49619 | Depths:2 | Noticed holysushi's illusion
 49650 | Depths:2 | Killed Mara
 50057 | Depths:4 | Entered Level 4 of the Depths
 50519 | Depths:4 | Identified the +9 longbow "Nagoec" {drain, Fragile rElec
                  | rF++ SInv}
 50534 | Depths:4 | Found Tuefiamn's Weapon Shoppe.
 50540 | Depths:4 | Found a gateway to Hell.
 50555 | Depths:4 | Identified the +4 leather armour of Vekazo {Int+2}
 50706 | Depths:4 | Identified the +1 chain mail "Isiownonk" {rPois rCorr SInv}
 50865 | Depths:4 | Found a gate to the Realm of Zot.
 50878 | Zot:1    | Entered Level 1 of the Realm of Zot
 50890 | Zot:1    | Reached skill level 25 in Dodging
 50890 | Zot:1    | Reached XP level 27. HP: 137/137 MP: 46/46
 51401 | Zot:5    | Entered Level 5 of the Realm of Zot
 51655 | Zot:5    | Noticed an orb of fire
 51658 | Zot:5    | Gained mutation: You occasionally lose the ability to read
                  | scrolls when taking damage. [an orb of fire]
 51673 | Zot:5    | Killed an orb of fire
 51993 | Zot:5    | Noticed an ancient lich
 52009 | Zot:5    | Killed an ancient lich
 52010 | Zot:5    | Noticed an orb of fire
 52025 | Zot:5    | Killed an orb of fire
 52039 | Zot:5    | Noticed an ancient lich
 52052 | Zot:5    | Noticed an orb of fire
 52066 | Zot:5    | Noticed a dread lich
 52073 | Zot:5    | Noticed an orb of fire
 52089 | Zot:5    | Killed an orb of fire
 52090 | Zot:5    | Noticed an ancient lich
 52098 | Zot:5    | Noticed a dread lich
 52098 | Zot:5    | Noticed an ancient lich
 52105 | Zot:5    | Noticed a dread lich
 52111 | Zot:5    | Gained mutation: You are dopey. (Int -2) [an orb of fire]
 52120 | Zot:5    | Noticed a dread lich
 52124 | Zot:5    | Killed an orb of fire
 52129 | Zot:5    | Noticed a dread lich
 52138 | Zot:5    | Noticed an ancient lich
 52144 | Zot:5    | Killed a dread lich
 52169 | Zot:5    | Killed a dread lich
 52213 | Zot:5    | Killed an ancient lich
 52231 | Zot:5    | Killed a dread lich
 52245 | Zot:5    | Killed an ancient lich
 52389 | Zot:5    | Killed a dread lich
 52395 | Zot:5    | Got the Orb of Zot
 52434 | Zot:5    | Killed an ancient lich
 52460 | Zot:5    | Killed an ancient lich
 52513 | Zot:5    | Killed a dread lich
 52734 | Depths:4 | Noticed Ysasek the pandemonium lord
 52747 | Depths:4 | Killed Ysasek the pandemonium lord
 53285 | D:$      | Escaped with the Orb!

Illustrated notes

Levels and vault maps discovered:
D:1:      wheals_arrival_linesprint, layout_loops_ring, grunt_decor_arrowhead,
          minmay_heptomino_w4
D:2:      layout_basic, hellmonk_ecumenical_altar_run_dry, nrook_mini_vaults,
          grunt_ministairs_15, uniq_robin
D:3:      wad_river_or_something, layout_loops_ring, minmay_gold_behind_fungi,
          kennysheep_generic_room_7, uniq_ijyb, uniq_sigmund
D:4:      layout_loops_corners, mainiacjoe_overflow_six_doors_small,
          hellmonk_ghost_happy_afterlife, gup_sewer_entry_spiral
D:5:      layout_basic, tso_metal_star
D:6:      layout_loops_ring, grunt_temple_overflow_champion_of_chaos,
          nicolae_sif_muna_condensation, lemuel_coloured_pillars_altar,
          nicolae_ossuary_entry_plus, hangedman_abyss_or_decor_stabs,
          amcnicky_mini_pool_medium
D:7:      layout_rooms, mainiacjoe_overflow_big_doors,
          minmay_temple_entry_offerings, enter_bailey_2, hangedman_glass_teeth,
          nicolae_underground_beach, uniq_prince_ribbit1, uniq_pikel,
          uniq_menkaure, uniq_crazy_yiuf_cottage
D:8:      layout_basic, nicolae_gozag_conspicuous_consumption,
          old_standard_altar
D:9:      minmay_evil_eye, layout_rooms, nicolae_hepliaklqana_hazy_memory,
          nicolae_overflow_hidden_temple, mainiacjoe_overflow_surrounded_room,
          lair_entry_dummy, ebering_ghost_disaster_area
D:10:     layout_layer_cave, lemuel_mausoleum_altar_kikubaaqudgha,
          fedhas_bush_and_centaur_altar, erik_orc_2, uniq_joseph, uniq_sonja
D:11:     layout_loops_ring
D:12:     layout_roguey, nrook_campfire
D:13:     minmay_the_grid_triangle_9x9_rhombus_thin
          [minmay_the_grid_triangle_9x9_zippers_vertical,
          minmay_the_grid_triangle_9x9_prize_special,
          minmay_the_grid_triangle_9x9_fully_insulated_deathbox,
          minmay_the_grid_triangle_9x9_stretched_checkered],
          layout_irregular_city, grunt_vaults_entry_tiered,
          fake_guardian_serpent_vault
D:14:     layout_roguey, minmay_misc_feat_five, uniq_azrael, uniq_josephine
D:15:     grunt_enter_depths_snipers, layout_irregular_city, vehumet_crystals,
          serial_shops, nicolae_inconvenience_store, shop, shop, shop,
          shop_statue, uniq_nessos
Temple:   nicolae_temple_superstar
Lair:1:   layout_gridlike, uniq_grum
Lair:2:   mu_elephants_graveyard, layout_hall_layers,
          guppyfry_snake_entry_island, ebering_ghost_xom
Lair:3:   layout_cave_pods, elwin_shoals_entry_rooms, lemuel_fruit_tree,
          uniq_snorg
Lair:4:   layout_cave_pods, nicolae_slime_entry_slimehenge,
          gauntlet_entry_generic, nicolae_lair_yak_garden
Lair:5:   gammafunk_lair_ancient_temple, layout_cave_pods,
          infiniplex_staircase_pool
Shoals:1: layout_shoals
Shoals:2: layout_shoals, nicolae_specific_store, kb_tengu_band
Shoals:3: layout_shoals, nicolae_shoals_abyss_on_the_beach
Shoals:4: shoals_end_grunt_ice, layout_shoals,
          portal_ice_cave_entry_frozen_things, nicolae_shop_vocational
Snake:1:  layout_concentric_octagons
Snake:2:  layout_gridlike, uniq_vashnia, uniq_saint_roka
Snake:3:  layout_misc_corridors
Snake:4:  minmay_snake_end_coiled, layout_misc_corridors,
          nicolae_snake_flat_spine, st_stairs_1
Orc:1:    layout_diamond_mine, basic_altar, nicolae_shop_firing_range,
          uniq_harold
Orc:2:    grunt_orc_tribal_feast, layout_caves, ebering_ghost_rock_garden,
          hellmonk_guarded_unrand_dark_maul, uniq_erolcha, uniq_jorgrun
Elf:1:    eino_elf_arrival_altar, layout_loops_corners, minmay_elf_sorcery,
          minivault_28, uniq_kirke, uniq_nikola
Elf:2:    nicolae_elf_blades_splatter_lattice [grunt_blade_entry_basic],
          layout_geoelf_grid
Elf:3:    minmay_elf_hall_four_x, layout_loops_corners, serial_shops,
          nicolae_shop_hallway_stairs
Vaults:1: nicolae_vaults_puzzle_piece, hangedman_vaults_stream,
          nicolae_vaults_gold_heap, v_misc_4, v_misc_24, v_misc_9,
          vaults_dpeg_emergency_exit, nicolae_vaults_big_ls, vaults_dpeg_ring,
          vaults_room_grunt_arrival_checkpoint, layout_vaults_big_room,
          serial_shops, shop
Vaults:2: minmay_crypt_entry_simple_round, v_misc_16, vaults_dpeg_spiral,
          ontoclasm_vaults_shuriken, hangedman_vaults_corner_blocks,
          nicolae_vaults_network_quincunx
          [nicolae_vaults_network_quincunx_subvault,
          nicolae_vaults_network_quincunx_subvault,
          nicolae_vaults_network_quincunx_subvault,
          nicolae_vaults_network_quincunx_subvault,
          nicolae_vaults_network_quincunx_subvault], ontoclasm_vaults_chip,
          vaults_room_pool, nicolae_vaults_c_with_doors, grunt_vaults_bifocal,
          grunt_vaults_funnel, layout_vaults_omnibox, trove_entry_hex_spiral,
          uniq_bai_suzhen
Vaults:3: vaults_dpeg_diagonal, ontoclasm_vaults_eye, layout_vaults_maze_bifur,
          serial_shops, shop, nicolae_diamond_shop, nicolae_shop_hallway_plus,
          shop, uniq_donald, uniq_jory, uniq_aizul
Vaults:4: nicolae_vaults_asterisk, vaults_mumra_lcd, vaults_mumra_chevron,
          v_misc_15, ontoclasm_vaults_spin, layout_vaults_omnigrid, uniq_sojobo,
          uniq_boris, uniq_xtahua
Vaults:5: serial_shops
Crypt:1:  layout_chaotic_city, amcnicky_mini_rare_corridor_liquid,
          grunt_crypt_arrival_guarded_gate
Crypt:2:  statuecave_lemuel, layout_misc_corridors, fountainhead, uniq_margery,
          uniq_josephina
Crypt:3:  church_of_pain_bobbens, layout_chaotic_city,
          nicolae_tomb_entry_unfolded_pyramid_orthogonal, weyrava_lich_vault
Tomb:1
Tomb:2
Tomb:3
Depths:1: minmay_firetagon, layout_gridlike, enter_ziggurat_d,
          pf_vacation_house_of_asmodeus, abyss_entry, minivault_15,
          interstate_on_off, grunt_ministairs_6, drop_trap,
          kennysheep_generic_room_6, serial_bayou_shore_a, firewood_loft,
          serial_bayou_shore_b, serial_bayou_shore_b
Depths:2: minmay_strange_plus, layout_cave_pools, grunt_hell_entry_dis_grunt,
          serial_shops, shop, hangedman_decor_opposing, pan_entry,
          kilobyte_mutagenic_chamber, uniq_mara
Depths:3: thingy_vault, layout_small_grid, grunt_pan_entry_zigzag,
          marbit_kobold_abyss_entry, infiniplex_staircase_spiral_double,
          hell_entry, minmay_alternating_orb, serial_bayou_shore_b
Depths:4: grunt_zot_entry_hairpin, layout_gridlike, serial_shops,
          nicolae_shop_bloodbath_and_beyond, hell_entry,
          grunt_pan_entry_in_and_out, minmay_hollow_rounded_squares
Zot:1:    lemuel_acid_trip, layout_concentric_octagons, nicolae_shop_clearance
Zot:2:    layout_misc_corridors
Zot:3:    layout_misc_corridors
Zot:4:    layout_misc_corridors
Zot:5:    layout_basic

Skill      XL: |  1  2  3  4  5  6  7  8  9 10 11 12 13 14 15 16 17 18 19 20 21 22 23 24 25 26 27 |
---------------+----------------------------------------------------------------------------------+-----
Short Blades   | 3 4 6 7 8 10 12 14 | 14.0
Stealth        | 3 6 8 9 10 13 15 17 20 | 20.4
Spellcasting   | 1 3 4 5 6 9 10 11 14 16 18 24 | 24.3
Dodging        | 4 6 10 11 12 13 14 15 16 17 18 19 20 22 23 25 | 25.0
Fighting       | 4 5 6 8 10 11 12 | 12.0
Evocations     | 1 2 5 10 14 | 14.3
Shields        | 4 5 7 10 | 10.0
Armour         | 3 5 8 10 11 14 15 | 15.0
Long Blades    | 2 6 8 |  8.0

Action                     |  1- 3 |  4- 6 |  7- 9 | 10-12 | 13-15 | 16-18 | 19-21 | 22-24 | 25-27 || total
---------------------------+-------+-------+-------+-------+-------+-------+-------+-------+-------++-------
  Melee: Short sword       |    94 |    32 |       |       |       |       |       |       |       ||   126
         Bite              |    19 |    38 |   185 |   218 |   495 |   830 |   833 |   992 |  1210 ||  4820
         Dagger            |       |    65 |       |       |       |       |       |       |       ||    65
         Quick blade       |       |    78 |   500 |   592 |   538 |       |       |       |       ||  1708
         Punch             |       |     1 |     9 |    10 |     3 |       |       |       |       ||    23
         Kick              |       |       |       |   174 |   485 |       |       |       |       ||   659
         Cutlass           |       |       |       |       |   470 |       |       |       |       ||   470
         Rapier            |       |       |       |       |    37 |  1796 |  1642 |  1517 |  1823 ||  6815
         Katana            |       |       |       |       |       |       |       |    69 |       ||    69
 Invoke: Call Merchant     |       |       |       |     1 |     2 |       |     2 |       |       ||     5
         Bribe Branch      |       |       |       |       |       |       |       |     1 |     3 ||     4
         Potion Petition   |       |       |       |       |       |       |       |       |     2 ||     2
  Evoke: Wand              |       |       |       |    20 |       |       |       |       |     8 ||    28
         Condenser vane    |       |       |       |       |     2 |       |       |     4 |     6 ||    12
         Phial of floods   |       |       |       |       |     1 |       |       |       |       ||     1
         Phantom mirror    |       |       |       |       |       |       |       |       |     3 ||     3
         Box of beasts     |       |       |       |       |       |       |       |       |     1 ||     1
    Use: Scroll            |       |    13 |    11 |     7 |    10 |     2 |       |     4 |     8 ||    55
         Potion            |       |       |       |     4 |     1 |       |       |       |    12 ||    17
   Stab: Sleeping          |    10 |    11 |     4 |    32 |    51 |    62 |    85 |    49 |    22 ||   326
         Distracted        |     1 |       |     1 |     4 |    13 |    28 |    25 |    44 |    49 ||   165
         Invisible         |       |       |       |       |     1 |       |       |       |     8 ||     9
 Armour: Robe              |    11 |    26 |    51 |    19 |    67 |     1 |       |       |       ||   175
         Quicksilver drago |       |       |       |       |       |   164 |   126 |   122 |   146 ||   558
  Dodge: Dodged            |    54 |    70 |   130 |   238 |   596 |   867 |   861 |   601 |   993 ||  4410
  Block: Buckler           |       |       |       |       |   192 |   506 |   507 |       |       ||  1205
         Kite shield       |       |       |       |       |       |       |       |   837 |  1106 ||  1943

Table legend: (Time is in decaauts)
 A = Elapsed time spent in this place.
 B = Non-inter-level travel time spent in this place.
 C = Inter-level travel time spent in this place.
 D = Time resting spent in this place.
 E = Time spent auto-exploring this place.
 F = Levels seen in this place.
 G = Mean time per level.
                   A        B        C        D        E       F      G
               +--------+--------+--------+--------+--------+-----+--------+
         Total |  48245 |  42816 |   5429 |    746 |  28886 |  60 |  804.1 |
       Dungeon |  14516 |  12568 |   1948 |     80 |   9399 |  15 |  967.7 |
        Temple |     67 |     67 |      0 |      0 |      0 |   1 |   67.0 |
          Lair |   5441 |   4949 |    492 |    217 |   3495 |   5 | 1088.2 |
        Shoals |   3511 |   3366 |    145 |      0 |   2289 |   4 |  877.8 |
     Snake Pit |   3922 |   3664 |    258 |     50 |   2694 |   4 |  980.5 |
  Orcish Mines |   1248 |   1108 |    140 |      0 |    799 |   2 |  624.0 |
   Elven Halls |   3600 |   3126 |    474 |      0 |   2357 |   3 | 1200.0 |
        Vaults |   5635 |   4657 |    978 |      0 |   3478 |   5 | 1127.0 |
         Crypt |   3347 |   3021 |    326 |      0 |   1998 |   3 | 1115.7 |
          Tomb |   2817 |   2352 |    465 |    100 |   1114 |   3 |  939.0 |
        Depths |   1301 |   1179 |    122 |      0 |    540 |   4 |  325.2 |
           Zot |   1274 |   1198 |     76 |    185 |    221 |   5 |  254.8 |
         Trove |     42 |     42 |      0 |      0 |      0 |   1 |   42.0 |
         Sewer |    362 |    362 |      0 |      0 |    121 |   1 |  362.0 |
       Ossuary |    217 |    217 |      0 |     31 |     53 |   1 |  217.0 |
        Bailey |    388 |    388 |      0 |     43 |     64 |   1 |  388.0 |
      Ice Cave |    207 |    207 |      0 |      0 |     85 |   1 |  207.0 |
      Gauntlet |    344 |    344 |      0 |     39 |    177 |   1 |  344.0 |
               +--------+--------+--------+--------+--------+-----+--------+

Top non-repeatable levels by time:
Vaults:2: 1852 daAuts
    D:10: 1649 daAuts
 Crypt:3: 1627 daAuts
   Elf:3: 1484 daAuts
  Lair:5: 1462 daAuts
   Elf:1: 1279 daAuts
    D:13: 1279 daAuts
  Tomb:1: 1269 daAuts
Vaults:1: 1268 daAuts
Shoals:4: 1255 daAuts
 Snake:4: 1240 daAuts
  Lair:3: 1125 daAuts
 Snake:2: 1125 daAuts
Vaults:5: 1119 daAuts
     D:4: 1118 daAuts
